Map: Alcyone LE

Players

Facepalm - Winner!

  • Race: Zerg Zerg
  • League: Diamond
  • Spawn Location: 1:00

Vicissitude

  • Race: Protoss Protoss
  • League: Diamond
  • Spawn Location: 7:00

VOD

Have the link to the VOD?

Description

Time

  • Played on: Dec. 28, 2023, 6:11 a.m.
  • Length: 11:00
Show
View Real Time Build Order
Export as new Build Order

Facepalm Zerg - Winner!

Build Orders: Hatch First 

Get SALT Encoding   

  12  0:00  Drone  
  13  0:12  Overlord  
  13  0:16  Drone  
  14  0:30  Drone x2  
  16  0:49  Hatchery  
  15  0:51  Drone  
  15  0:55  Drone  
  17  0:58  Drone  
  18  1:09  Extractor  
  17  1:14  Spawning Pool  
  17  1:17  Drone  
  17  1:20  Drone  
  18  1:28  Drone  
  19  1:38  Overlord  
  19  1:49  Drone  
  20  2:00  Queen  
  20  2:01  Queen  
  22  2:02  Zergling x4  
  26  2:12  Drone x2  
  28  2:28  Hatchery  
  27  2:30  Drone  
  27  2:34  Metabolic Boost  
  28  2:43  Queen  
  30  2:51  Drone x2  
  30  2:54  Overlord  
  32  3:11  Drone x4  
  32  3:12  Overlord  
  36  3:15  Overlord  
  36  3:28  Drone x3, Overlord  
  39  3:37  Drone  
  39  3:39  Drone  
  41  3:42  Drone x4  
  41  3:44  Queen  
  47  3:54  Drone  
  47  3:55  Drone x3  
  51  4:01  Drone x3  
  54  4:04  Spore Crawler  
  54  4:05  Spore Crawler  
  54  4:06  Drone  
  54  4:07  Drone  
  54  4:13  Lair  
  54  4:23  Drone  
  55  4:29  Zergling x2, Extractor  
  55  4:30  Zergling x12  
  55  4:31  Extractor  
  60  4:40  Spore Crawler  
  60  4:45  Drone x4  
  61  4:46  Drone x3  
  65  5:14  Overlord x3  
  65  5:15  Overlord  
  65  5:20  Baneling Nest  
  65  5:21  Drone  
  66  5:35  Drone x2  
  66  5:36  Drone x5  
  66  5:37  Drone x5  
  73  5:55  Drone x4, Hatchery  
  73  5:56  Drone  
  77  5:57  Hatchery  
  77  6:00  Drone x2  
  78  6:07  Extractor, Hatchery  
  78  6:08  Extractor  
  78  6:09  Centrifugal Hooks  
  75  6:12  Drone x2  
  75  6:14  Drone x3, Evolution Chamber  
  75  6:15  Extractor  
  75  6:16  Evolution Chamber  
  75  6:17  Drone x3  
  75  6:18  Drone x3  
  83  6:31  Hatchery  
  83  6:32  Drone x2  
  84  6:33  Drone x6  
  90  6:41  Zerg Melee Weapons Level 1  
  90  6:42  Zerg Ground Armor Level 1  
  90  6:46  Queen  
  90  6:48  Overlord  
  87  7:05  Drone x2  
  87  7:06  Drone x4  
  91  7:11  Drone x3  
  91  7:12  Drone x2  
  91  7:13  Queen  
  91  7:14  Queen  
  91  7:15  Zergling x4  
  101  7:16  Zergling x4  
  104  7:25  Overlord  
  104  7:27  Drone x4  
  104  7:28  Zergling x2  
  109  7:31  Zergling x10  
  109  7:32  Zergling x6, Infestation Pit  
  109  7:34  Baneling  
  109  7:35  Baneling x6  
  109  7:36  Baneling x2  
  116  7:43  Extractor  
  115  7:44  Drone  
  115  7:45  Extractor, Drone x2  
  115  7:49  Zergling x4  
  115  7:50  Zergling x14  
  126  7:55  Spire  
  125  8:11  Zergling x2  
  125  8:12  Zergling x8  
  130  8:14  Zergling x2  
  130  8:15  Zergling x12  
  130  8:16  Hive  
  130  8:19  Baneling  
  137  8:20  Baneling x11  
  137  8:21  Baneling x10  
  137  8:39  Zergling x2  
  137  8:44  Overlord x5, Spire  
  137  8:45  Overlord  
  137  8:46  Pneumatized Carapace  
  114  9:06  Zergling x2  
  114  9:07  Zergling x38  
  114  9:08  Zergling x14  
  139  9:22  Overlord  
  140  9:24  Zergling x16  
  140  9:25  Zergling x4  
  140  9:26  Zergling x2  
  140  9:27  Adrenal Glands  
  150  9:31  Baneling  
  150  9:32  Baneling x19, Hydralisk Den  
  148  9:46  Zergling x2  
  148  9:47  Zergling x42  
  160  10:07  Grooved Spines  
  152  10:11  Zergling x14  
  152  10:12  Zergling x26  
  152  10:14  Ultralisk Cavern  
  170  10:18  Overseer  
  169  10:25  Zergling x20  
  158  10:39  Zergling x2  
  158  10:40  Zergling x22  
  158  10:42  Baneling  
  168  10:43  Baneling x23  
Show
View Real Time Build Order
Export as new Build Order

Vicissitude Protoss 

Build Orders: 1 Gate Expand, Oracle Opening 

Get SALT Encoding   

  12  0:00  Probe  
  13  0:13  Probe  
  14  0:22  Pylon  
  14  0:25  Probe  
  15  0:40  Probe (Chrono Boost)  
  16  0:43  Gateway  
  16  0:52  Assimilator, Probe (Chrono Boost)  
  17  1:05  Probe  
  18  1:17  Probe  
  19  1:30  Probe  
  20  1:33  Nexus  
  20  1:44  Cybernetics Core  
  20  1:50  Probe  
  21  1:56  Pylon  
  21  2:00  Assimilator  
  21  2:02  Probe  
  22  2:15  Probe  
  23  2:25  Stalker  
  25  2:47  Stargate  
  25  2:48  Gateway  
  26  2:59  Probe (Chrono Boost)  
  26  3:06  Probe (Chrono Boost)  
  28  3:15  Probe (Chrono Boost)  
  28  3:16  Adept, Probe (Chrono Boost)  
  31  3:22  Probe  
  31  3:26  Warp Gate  
  32  3:28  Oracle (Chrono Boost)  
  36  3:34  Probe  
  36  3:38  Adept  
  38  3:44  Probe  
  38  3:46  Probe  
  40  3:54  Pylon  
  40  3:56  Probe  
  40  3:59  Probe  
  42  4:08  Oracle (Chrono Boost), Probe  
  46  4:12  Probe  
  47  4:30  Nexus  
  47  4:33  Pylon  
  47  4:37  Stalker  
  47  4:38  Probe x2  
  51  4:42  Oracle (Chrono Boost)  
  54  4:51  Probe x2  
  56  5:03  Probe x2  
  58  5:09  Robotics Facility  
  58  5:15  Shield Battery, Probe x2  
  60  5:22  Stalker  
  60  5:27  Pylon  
  62  5:29  Pylon  
  62  5:31  Twilight Council  
  59  5:54  Probe (Chrono Boost)  
  62  5:59  Probe (Chrono Boost), Stalker x2  
  62  6:00  Probe (Chrono Boost)  
  62  6:03  Immortal  
  71  6:04  Probe (Chrono Boost)  
  71  6:08  Probe x2 (Chrono Boost)  
  71  6:09  Forge  
  73  6:17  Gateway x2  
  73  6:20  Probe (Chrono Boost)  
  73  6:21  Gateway  
  73  6:22  Probe x2 (Chrono Boost)  
  73  6:24  Forge  
  76  6:27  Gateway  
  76  6:29  Assimilator  
  76  6:32  Assimilator, Probe (Chrono Boost)  
  79  6:33  Probe x2 (Chrono Boost)  
  79  6:38  Probe (Chrono Boost)  
  79  6:39  Probe x2 (Chrono Boost)  
  82  6:45  Probe  
  83  6:48  Probe  
  84  7:05  Protoss Ground Armor Level 1 (Chrono Boost), Protoss Ground Weapons Level 1 (Chrono Boost)  
  84  7:06  Probe x2  
  84  7:07  Probe  
  84  7:08  Immortal  
  91  7:23  Assimilator  
  91  7:26  Assimilator  
  91  7:28  Photon Cannon  
  91  7:29  Templar Archives  
  91  7:31  Pylon  
  91  7:33  Pylon  
  91  7:52  Immortal  
  91  7:56  Nexus  
  91  7:57  Pylon  
  95  7:59  Blink  
  95  8:00  Pylon  
  95  8:13  Gateway x2  
  95  8:15  Photon Cannon  
  95  8:20  Photon Cannon  
  95  8:21  High Templar x2  
  95  8:23  Photon Cannon  
  99  8:27  Psionic Storm  
  99  8:40  Pylon  
  99  8:45  Pylon  
  92  9:00  Stalker x5  
  92  9:01  Stalker  
  104  9:16  Photon Cannon  
  104  9:25  Robotics Bay  
  104  9:33  Nexus, Robotics Facility  
  104  9:34  Pylon  
  104  9:36  Probe (Chrono Boost)  
  104  9:38  Pylon  
  107  9:41  Probe (Chrono Boost)  
  107  9:42  Probe (Chrono Boost)  
  108  9:45  High Templar  
  108  9:46  Probe (Chrono Boost)  
  108  9:48  High Templar  
  108  9:50  Probe x2 (Chrono Boost)  
  108  9:51  Probe (Chrono Boost)  
  103  10:00  Probe  
  101  10:08  Probe x2  
  101  10:12  Probe  
  104  10:20  Probe x2  
  105  10:23  Pylon  
  105  10:24  Pylon  
  105  10:26  Stalker x2  
Tags
 
Add a new tag
Caveats
  • Supply blocks, unpowered buildings, or Contaminate may cause inaccurate times.
  • Supply counts are checked every 10 seconds.